 Dungeon Crawl Stone Soup version 0.21-a0-401-g0b6bec4 (webtiles) character file.

716 YoAdrian the Stinger (level 7, -2/43 HPs)
             Began as an Octopode Venom Mage on Oct 24, 2017.
             Slain by an ice beast (11 damage)
             ... on level 5 of the Dungeon.
             The game lasted 00:08:59 (5239 turns).

YoAdrian the Stinger (Octopode Venom Mage)          Turns: 5239, Time: 00:09:00

Health: -2/43      AC:  3    Str: 12    XL:     7   Next: 69%
Magic:  6/11       EV: 13    Int: 19    God:
Gold:   264        SH:  0    Dex: 13    Spells: 2/12 levels left

rFire    . . .     SeeInvis .   f - +2 dagger (venom)
rCold    . . .     Gourm    .   (no shield)
rNeg     . . .     Faith    .   (helmet restricted)
rPois    +         Spirit   .   (no amulet)
rElec    .         Reflect  .   h - +5 ring of strength
rCorr    .         Harm     .   x - ring of poison resistance
MR       .....                  (no ring)
Stlth    ++++......             (no ring)
HPRegen  0.14/turn              (no ring)
MPRegen  0.12/turn              (no ring)
                                (no ring)
                                (no ring)

@: very slightly contaminated
A: almost no armour, stealthy swim, amphibious, 8 rings, constrict 8, iridescent
scales 1, camouflage 1, gelatinous body 1
a: no special abilities


You were on level 5 of the Dungeon.
You were not hungry.

You visited 1 branch of the dungeon, and saw 5 of its levels.

You collected 264 gold pieces.

Inventory:

Hand Weapons
 c - a +0 dagger
 f - a +2 dagger of venom (weapon)
Missiles
 d - 127 stones (quivered)
 k - 5 needles of confusion
Jewellery
 h - a +5 ring of strength (left tentacle)
 x - a ring of poison resistance (right tentacle)
 D - an uncursed amulet of faith {unknown}
Wands
 A - a wand of enslavement (12/24)
Scrolls
 e - a scroll of identify
 g - a scroll of magic mapping {unknown}
 i - 6 scrolls of remove curse
 l - a scroll of random uselessness {unknown}
 s - a scroll of blinking {unknown}
 u - 2 scrolls of amnesia {unknown}
 v - 5 scrolls of teleportation {unknown}
 y - a scroll of recharging {unknown}
 z - a scroll of enchant armour {unknown}
 C - a scroll of immolation {unknown}
Potions
 m - a potion of flight {unknown}
 p - a potion of invisibility {unknown}
 q - a potion of brilliance {unknown}
 w - a potion of haste {unknown}
Books
 a - a Young Poisoner's Handbook

   Spells                             Type                      Level
   a - Sting                          Conjuration/Poison           1
   b - Poisonous Vapours              Poison/Air                   2
   c - Mephitic Cloud                 Conjuration/Poison/Air       3
   d - Olgreb's Toxic Radiance        Poison                       4
   e - Venom Bolt                     Conjuration/Poison           5
 r - a book of Misfortune

   Spells                             Type                      Level
   a - Confusing Touch                Hexes                        1
   b - Confuse                        Hexes                        3
   c - Gell's Gravitas                Translocation                3
   d - Petrify                        Transmutation/Earth          4
   e - Metabolic Englaciation         Hexes/Ice                    5
   f - Yara's Violent Unravelling     Hexes/Transmutation          5
Comestibles
 b - 3 bread rations
 n - a royal jelly
 o - a meat ration
 t - 2 fruits


   Skills:
 + Level 1.5 Fighting
 + Level 1.6 Short Blades
 - Level 2.0 Dodging
 + Level 5.7 Stealth
 - Level 3.2 Spellcasting
 - Level 4.3 Conjurations
 - Level 6.3 Poison Magic


You had 2 spell levels left.
You knew the following spells:

 Your Spells              Type           Power        Failure   Level  Hunger
a - Sting                 Conj/Pois      ###.         1%          1    None
b - Poisonous Vapours     Pois/Air       ###...       6%          2    ##.....
c - Olgreb's Toxic Radia  Pois           ####....     11%         4    ####...
d - Mephitic Cloud        Conj/Pois/Air  ###.....     11%         3    ###....


Dungeon Overview and Level Annotations

Branches:
Dungeon (5/15)
 Temple: D:4-7

Altars:
Hepliaklqana
Makhleb


Innate Abilities, Weirdness & Mutations

You cannot wear most types of armour.
You are very stealthy in the water. (Stealth+)
You are amphibious.
You can wear up to eight rings at the same time.
You can use your tentacles to constrict eight enemies at once.
Your skin changes colour to match your surroundings (Stealth+).
Your rubbery body absorbs attacks. (AC +1, EV +1)
You are partially covered in iridescent scales. (AC +2)


Message History

Okay, then.
You closely miss the ice beast. You squeeze the ice beast.
The ice beast is lightly wounded.
The ice beast misses you.
You hit the ice beast.
The ice beast is poisoned.
The ice beast is moderately wounded.
The ice beast hits you. The ice beast freezes you.
You barely miss the ice beast. Your squeeze misses the ice beast.
The ice beast is moderately wounded.
The ice beast hits you. The ice beast freezes you.
* * * LOW HITPOINT WARNING * * *
Unknown command.
The ice beast looks more healthy.
It was a potion of mutation.
You feel extremely strange.
You feel stupid.
You feel clever.
Iridescent scales grow over part of your body.
The ice beast hits you.
* * * LOW HITPOINT WARNING * * *
The ice beast freezes you!
You die...

# #.##.#..####.#######[## #. #
#.........##.# #...# #. #
######..a.##.# #...# #. #
#.##.##.# #...# #. ########
#.......# #รท..# #( ##.....#
#.......######...######.
##.....###.##....#.............#.
##.........##...Y.<..............
##.....###)##.#.@#.............#.
##>....# #.##....######...######$
######## #.......# #...# ##
#######.)....## #.#.#
#......###.### #...# ####.####>#
#.# #...# ..##.####.# #.# ##.##
#......##.###.# ##..####
..##.#........#########......#


You could see an ice beast and a worker ant (wandering).

Vanquished Creatures
  An ogre (D:5)
  4 crimson imps
  A hound (D:5)
  3 orc priests (D:4)
  Crazy Yiuf (D:4)
  Jessica (D:2)
  An iguana (D:4)
  2 worker ants (D:4)
  A hound skeleton (D:5)
  4 gnolls (D:4)
  A howler monkey skeleton (D:4)
  8 adders
  A shadow imp (D:5)
  An ooze (D:3)
  2 worms
  2 dart slugs (D:2)
  2 leopard geckos
  16 orcs
  7 bats
  3 giant cockroaches
  5 hobgoblins
  5 jackals
  A quokka (D:5)
  2 ball pythons
  5 frilled lizards
  5 goblins
  4 kobolds
  A quokka skeleton (D:4)
  7 rats
  A fungus (D:4)
98 creatures vanquished.

Vanquished Creatures (others)
  A fungus (D:4)
1 creature vanquished.

Grand Total: 99 creatures vanquished

Notes
Turn   | Place    | Note
-------+----------+-------------------------------------------
     0 | D:1      | YoAdrian the Octopode Venom Mage began the quest for the Orb.
     0 | D:1      | Reached XP level 1. HP: 11/11 MP: 3/3
   156 | D:1      | Reached XP level 2. HP: 14/17 MP: 0/5
   540 | D:1      | Reached skill level 4 in Poison Magic
   779 | D:1      | Learned a level 2 spell: Poisonous Vapours
   961 | D:2      | Reached XP level 3. HP: 21/21 MP: 6/6
  1039 | D:2      | Noticed Jessica
  1047 | D:2      | Killed Jessica
  1101 | D:2      | Found a hazy altar of Hepliaklqana.
  1148 | D:2      | Reached XP level 4. HP: 27/27 MP: 0/7
  1566 | D:2      | Found a burning altar of Makhleb.
  2267 | D:3      | Reached skill level 5 in Poison Magic
  2267 | D:3      | Reached XP level 5. HP: 28/31 MP: 3/8
  3468 | D:4      | Reached XP level 6. HP: 33/36 MP: 10/10
  3476 | D:4      | HP: 1/36 [orc priest/divine providence (13)]
  3989 | D:4      | Learned a level 4 spell: Olgreb's Toxic Radiance
  3993 | D:4      | Learned a level 3 spell: Mephitic Cloud
  4138 | D:4      | Found a runed door.
  4324 | D:4      | Noticed Crazy Yiuf
  4329 | D:4      | Killed Crazy Yiuf
  4329 | D:4      | Reached skill level 6 in Poison Magic
  4461 | D:5      | Entered Level 5 of the Dungeon
  4488 | D:5      | Reached XP level 7. HP: 40/41 MP: 11/11
  4604 | D:5      | Reached skill level 5 in Stealth
  4946 | D:4      | Reached skill level 1 in Fighting
  4946 | D:4      | Reached skill level 1 in Short Blades
  5239 | D:5      | Gained mutation: You are dopey. (Int -2) [potion of mutation]
  5239 | D:5      | Lost mutation: You are dopey. (Int -2) [potion of mutation]
  5239 | D:5      | Gained mutation: You are partially covered in iridescent scales. (AC +2) [potion of mutation]
  5239 | D:5      | Slain by an ice beast

Vault maps used:
D:1:      sevenhm_arrival_forest_fort_small_4
D:2:      grunt_temple_overflow_open, uniq_jessica
D:4:      first_bread, kennysheep_another_room, minmay_gold_behind_fungi,
          uniq_crazy_yiuf_cottage

Skill      XL: |  1  2  3  4  5  6  7 |
---------------+----------------------+-----
Poison Magic   | 4 5 6 |  6.3
Stealth        | 3 4 5 |  5.7
Conjurations   | 2 3 4 |  4.3
Spellcasting   | 3 |  3.2
Fighting       | 1 |  1.5
Short Blades   | 1 |  1.6
Dodging        | |  2.0

Action                   |  1- 3 |  4- 6 |  7- 9 || total
-------------------------+-------+-------+-------++-------
Melee: Dagger            |    19 |   112 |    37 ||   168
       Constrict         |     6 |    36 |     7 ||    49
       Tentacles         |     3 |    27 |     7 ||    37
Throw: Stone             |       |     2 |       ||     2
 Cast: Sting             |    22 |     3 |       ||    25
       Poisonous Vapours |     5 |    25 |     7 ||    37
  Use: Potion            |     2 |     3 |     1 ||     6
       Scroll            |       |     3 |       ||     3
 Stab: Sleeping          |     2 |    11 |     5 ||    18
       Distracted        |       |     1 |       ||     1
  Eat: Chunk             |     1 |     7 |     3 ||    11
       Bread ration      |       |     1 |       ||     1
Armor: Skin              |       |     6 |     3 ||     9
Dodge: Dodged            |    18 |    67 |    25 ||   110

Table legend:
 A = Spawn XP
 B = Non-spawn XP
 C = Spawn XP percentage of total XP
 D = Spawn monster count
 E = Non-spawn monster count
 F = Spawn count percentage of total count
 G = Total turns spent on level
                    A         B        C        D         E        F      G
               +---------+---------+-------+---------+---------+-------+---------
         Total |       0 |    1024 |   0.0 |       0 |      97 |   0.0 |  5239
               +---------+---------+-------+---------+---------+-------+---------
           D:1 |       0 |      25 |   0.0 |       0 |      17 |   0.0 |   960
           D:2 |       0 |      76 |   0.0 |       0 |      14 |   0.0 |   841
           D:3 |       0 |      78 |   0.0 |       0 |      21 |   0.0 |   887
           D:4 |       0 |     481 |   0.0 |       0 |      35 |   0.0 |  2005
           D:5 |       0 |     364 |   0.0 |       0 |      10 |   0.0 |   546
               +---------+---------+-------+---------+---------+-------+---------
